 Dungeon Crawl Stone Soup version 0.29.1-2-gbd0b4ee654 (webtiles) character file.

Game seed: 17527243157535590538

5410 Avanven the Markstengu (level 10, -6/56 HPs)
             Began as a Tengu Hunter on Nov 5, 2022.
             Was an Elder of Okawaru.
             Mangled by a two-headed ogre
             ... wielding a +0 halberd
              (18 damage)
             ... in a bailey.
             The game lasted 00:22:19 (7509 turns).

Avanven the Markstengu (Tengu Hunter)               Turns: 7509, Time: 00:22:20

Health: -6/56      AC:  7    Str: 11    XL:     10   Next: 67%
Magic:  11/11      EV: 15    Int: 10    God:    Okawaru [****..]
Gold:   246        SH:  0    Dex: 22    Spells: 9/9 levels left

rFire   + + .      SeeInvis +   v - +4 shortbow
rCold   . . .      Faith    .   (shield currently unavailable)
rNeg    . . .      Spirit   .   r - +2 leather armour {rF+}
rPois   .          Reflect  .   (helmet restricted)
rElec   .          Harm     .   f - +0 cloak
rCorr   .          Rampage  .   c - +0 pair of gloves
Will    .....                   (boots unavailable)
Stlth   ++........              g - amulet of regeneration
HPRegen 0.98/turn               B - ring of see invisible
MPRegen 0.12/turn               u - ring of protection from fire

@: flying quickly and evasively, quick
A: beak, talons 3, nimble flight
a: Renounce Religion, Heroism, Finesse


You were in a bailey.
You worshipped Okawaru.
Okawaru was greatly pleased with you.
You visited 2 branches of the dungeon, and saw 10 of its levels.
You also visited: Bailey.

You collected 506 gold pieces.
You spent 260 gold pieces at shops.

Inventory:

Hand Weapons
 v - a +4 shortbow (weapon)
Armour
 c - a +0 pair of gloves (worn)
 f - a +0 cloak (worn)
 o - a +3 ring mail of cold resistance
 r - a +2 leather armour of fire resistance (worn)
Jewellery
 g - an amulet of regeneration (around neck)
 n - a ring of resist corrosion
 q - a ring of protection from cold
 u - a ring of protection from fire (right hand)
 y - a +4 ring of slaying
 A - an amulet of reflection
 B - a ring of see invisible (left hand)
 G - a ring of protection from cold
Wands
 a - a wand of roots (5)
 i - a wand of light (8)
 x - a wand of flame (14)
 E - a wand of digging (6)
Scrolls
 d - a scroll of fear
 j - 5 scrolls of teleportation
 s - a scroll of fog
 t - a scroll of silence
 D - a scroll of acquirement {unknown}
 F - a scroll of enchant weapon
Potions
 b - a potion of brilliance {unknown}
 e - a potion of heal wounds
 h - 2 potions of resistance
 k - 3 potions of mutation {unknown}
 l - 2 potions of ambrosia {unknown}
 m - 2 potions of curing
 p - a potion of invisibility {unknown}
 w - 3 potions of berserk rage {unknown}
 z - a potion of magic {unknown}


   Skills:
 - Level 4.0 Fighting
 - Level 16.5 Ranged Weapons
 + Level 0.8 Armour
 + Level 2.4 Dodging
 - Level 1.0 Stealth
 + Level 0.5 Invocations


You had 9 spell levels left.
You didn't know any spells.
Your spell library contained the following spells:

 Spells                   Type           Power      Damage    Failure   Level
 Magic Dart               Conj           0%         1d3       45%         1
 Sting                    Tmut/Pois      0%         1d3       45%         1
 Poisonous Vapours        Pois/Air       0%         N/A       58%         2
 Searing Ray              Conj           0%         2d4       58%         2
 Static Discharge         Conj/Air       0%         3-3/arc   58%         2
 Ignite Poison            Fire/Tmut/Pois 0%         N/A       83%         3
 Mephitic Cloud           Conj/Pois/Air  0%         N/A       83%         3
 Dispel Undead            Necr           0%         3d6       99%         4
 Fulminant Prism          Conj/Hex       0%         3d6       99%         4
 Hailstorm                Conj/Ice       0%         3d3       99%         4
 Ice Form                 Ice/Tmut       0%         N/A       99%         4
 Olgreb's Toxic Radiance  Pois           0%         N/A       99%         4
 Sticky Flame             Conj/Fire      0%         2d3       99%         4
 Borgnjor's Vile Clutch   Necr/Erth      0%         N/A       100%        5
 Freezing Cloud           Conj/Ice/Air   0%         6-21      100%        5
 Animate Dead             Necr           Unusable   N/A       N/A         4
 Death Channel            Necr           Unusable   N/A       N/A         6
 Simulacrum               Ice/Necr       Unusable   N/A       N/A         6

Dungeon Overview and Level Annotations

Branches:
Dungeon (9/15)             Temple (1/1) D:5             Orc (0/2) D:9
 Bailey (1/1)
   Lair: D:8-11

Altars:
Ashenzari
Dithmenos
Elyvilon
Fedhas
Gozag
Hepliaklqana
Kikubaaqudgha
Makhleb
Nemelex Xobeh
Okawaru
Qazlal
Ru
Trog
Uskayaw
Vehumet
Wu Jian
Xom
Yredelemnul
Zin
The Shining One

Shops:
D:4 (

Annotations:
D:5 1 runed translucent door, jonaskbp's ghost, novice DjSu


Innate Abilities, Weirdness & Mutations

You have a beak for a mouth.
You have claws for feet.
Your magical nature lets you fly swiftly and evasively.


Message History

Okawaru accepts your kill.
The two-headed ogre hits you from afar with a +0 halberd.
The two-headed ogre hits you from afar with a +3 glaive!
You shoot an arrow. The arrow hits the two-headed ogre!
The two-headed ogre is moderately wounded.
You feel like a meek peon again.
You shoot an arrow.
The arrow barely misses the two-headed ogre.
You see here a +0 halberd.
You see here a +0 halberd.
You shoot an arrow. The arrow hits the two-headed ogre!
The two-headed ogre is heavily wounded.
You shoot an arrow. The arrow hits the two-headed ogre!
The two-headed ogre is severely wounded.
The two-headed ogre hits you from afar with a +0 halberd!
The two-headed ogre hits you from afar with a +3 glaive!
You are too injured to fight recklessly!
You are too injured to fight recklessly!
Fire: v) +4 shortbow
Press: ? - help, Shift-Dir - straight line, f/p - two-headed ogre
Aim: a two-headed ogre, wielding a +0 halberd and a +3 glaive (severely wounded, 83% to hit)
You shoot an arrow.
The arrow hits the two-headed ogre but does no damage.
The two-headed ogre is severely wounded.
Fire: v) +4 shortbow
Press: ? - help, Shift-Dir - straight line, f/p - two-headed ogre
Aim: a two-headed ogre, wielding a +0 halberd and a +3 glaive (severely wounded, 83% to hit)
You shoot an arrow. The arrow hits the two-headed ogre!
The two-headed ogre is almost dead.
Unknown command.
Fire: v) +4 shortbow
Press: ? - help, Shift-Dir - straight line, f/p - two-headed ogre
Aim: a two-headed ogre, wielding a +0 halberd and a +3 glaive (almost dead, 83% to hit)
You shoot an arrow.
The arrow hits the two-headed ogre but does no damage.
The two-headed ogre is almost dead.
The two-headed ogre hits you from afar with a +0 halberd!!
* * * LOW HITPOINT WARNING * * *
The two-headed ogre hits you from afar with a +3 glaive!!
You die...

#######
###.....###
##.........##
##@..........##
#....∩...∩....#
##..O........##
##.........##
###~~~~~###
#~~)~~#
##~~~~~##
##.......##
##.........##


You could see a two-headed ogre.

Vanquished Creatures
  Maurice (D:8)
  A hornet (D:8)
  3 slime creatures (D:9)
  A spriggan (Bailey)
  A wraith (D:9)
  4 yaks (D:9)
  Duvessa (D:6)
  An orc warrior (D:7)
  3 ice beasts (D:6)
  3 black bears
  2 ogres (Bailey)
  3 centaurs
  4 bullfrogs
  A phantom (D:4)
  A necrophage (D:5)
  2 scorpions
  8 wights
  Dowan (D:6)
  14 killer bees
  2 jellies
  3 hounds (D:6)
  4 orc priests
  4 iguanas
  7 orc wizards
  3 gnolls (D:4)
  3 adders (D:6)
  A shadow imp (D:8)
  A white imp (D:6)
  An ufetubus (D:4)
  A worm (D:4)
  4 dart slugs
  25 orcs
  13 endoplasms
  A giant cockroach (D:3)
  12 goblins
  6 hobgoblins
  2 jackals (D:3)
  A quokka (D:1)
  2 ball pythons (D:3)
  7 bats
  7 frilled lizards
  18 kobolds
  4 rats
187 creatures vanquished.

Vanquished Creatures (others)
  8 fungi (D:2)
  6 toadstools (D:2)
14 creatures vanquished.

Grand Total: 201 creatures vanquished

Notes
Turn   | Place    | Note
-------+----------+-------------------------------------------
     0 | D:1      | Avanven the Tengu Hunter began the quest for the Orb.
     0 | D:1      | Reached XP level 1. HP: 12/12 MP: 2/2
   169 | D:1      | Reached XP level 2. HP: 7/17 MP: 3/3
   668 | D:1      | Reached skill level 5 in Ranged Weapons
   715 | D:1      | Reached XP level 3. HP: 22/22 MP: 4/4
   951 | D:2      | Reached XP level 4. HP: 27/27 MP: 5/5
  1062 | D:2      | Found a glowing golden altar of the Shining One.
  1548 | D:3      | Found a faded altar of an unknown god.
  1625 | D:3      | Found a blossoming altar of Fedhas.
  1745 | D:3      | Reached skill level 6 in Ranged Weapons
  2359 | D:4      | Gained mutation: Your magical nature lets you fly swiftly
                  | and evasively. [Tengu growth]
  2359 | D:4      | Reached XP level 5. HP: 32/32 MP: 6/6
  2451 | D:4      | Found Ducviop's Weapon Boutique.
  2718 | D:4      | Reached XP level 6. HP: 11/38 MP: 7/7
  2799 | D:4      | Reached skill level 7 in Ranged Weapons
  2848 | D:4      | Found a sparkling altar of Nemelex Xobeh.
  3454 | D:4      | Bought a +3 shortbow for 260 gold pieces
  3491 | D:5      | Entered Level 5 of the Dungeon
  3491 | D:5      | Found a runed translucent door.
  3568 | D:5      | Reached skill level 8 in Ranged Weapons
  3568 | D:5      | Reached XP level 7. HP: 43/43 MP: 8/8
  3572 | D:5      | Found a basalt altar of Yredelemnul.
  3604 | D:5      | Found an opulent altar of Gozag.
  3688 | D:5      | Found a staircase to the Ecumenical Temple.
  3698 | Temple   | Entered the Ecumenical Temple
  3713 | Temple   | Became a worshipper of Warmaster Okawaru
  3955 | D:5      | Found an ornate altar of the Wu Jian Council.
  4115 | D:5      | Found a glowing golden altar of the Shining One.
  4134 | D:5      | Noticed jonaskbp's ghost (novice DjSu)
  4335 | D:5      | Found a broken altar of Ashenzari.
  4604 | D:6      | Reached skill level 9 in Ranged Weapons
  4723 | D:6      | Reached XP level 8. HP: 48/48 MP: 9/9
  4729 | D:6      | Reached skill level 10 in Ranged Weapons
  4774 | D:6      | Reached * piety under Okawaru
  4829 | D:6      | Reached skill level 11 in Ranged Weapons
  5090 | D:6      | Noticed Dowan
  5092 | D:6      | Noticed Duvessa
  5095 | D:6      | Killed Dowan
  5113 | D:6      | Killed Duvessa
  5406 | D:7      | Reached skill level 12 in Ranged Weapons
  5413 | D:7      | Reached XP level 9. HP: 48/52 MP: 10/10
  5421 | D:7      | Reached ** piety under Okawaru
  5630 | D:7      | Found a bloodstained altar of Trog.
  5836 | D:7      | Reached skill level 13 in Ranged Weapons
  6071 | D:8      | Noticed Maurice
  6168 | D:8      | Killed Maurice
  6168 | D:8      | Reached *** piety under Okawaru
  6169 | D:8      | Reached skill level 14 in Ranged Weapons
  6402 | D:8      | Found a white marble altar of Elyvilon.
  6711 | D:8      | Noticed a hornet
  6718 | D:8      | Killed a hornet
  6719 | D:8      | Reached skill level 15 in Ranged Weapons
  6719 | D:8      | Reached XP level 10. HP: 24/56 MP: 11/11
  6974 | D:9      | Reached **** piety under Okawaru
  7019 | D:9      | Reached skill level 16 in Ranged Weapons
  7306 | D:9      | Found a glowing silver altar of Zin.
  7405 | D:9      | Found a flagged portal.
  7420 | Bailey   | Entered a bailey
  7478 | Bailey   | Noticed a two-headed ogre
  7509 | Bailey   | Mangled by a two-headed ogre

Illustrated notes

Levels and vault maps discovered:
D:1:      lemuel_arrival_lava_pool, layout_basic
D:2:      cheibrodos_fertilizer, layout_loops_ring, basic_altar
D:3:      layout_basic, nicolae_overflow_hidden_temple,
          hellmonk_ecumenical_altar_pennies_from_heaven
D:4:      layout_basic, mainiacjoe_overflow_cross_hatched, serial_shops, shop
D:5:      layout_basic, mainiacjoe_overflow_small_starburst,
          lemuel_doored_altar, lemuel_crystal_altar, mainiacjoe_overflow_swirl,
          minmay_temple_entry_water_ring, ebering_ghost_reflecting_pool
D:6:      minmay_thinvault, layout_rooms, uniq_duvessa
D:7:      layout_loops_ring, lemuel_round_altar
D:8:      layout_loops_ring, nicolae_elyvilon_peaceful_grove, uniq_maurice
D:9:      minmay_bloctagon_deflated, layout_irregular_city,
          mainiacjoe_overflow_brackets, david_orc_3, enter_bailey_4
Temple:   nicolae_temple_two_arcs
Bailey:   bailey_polearm_enchanted_keep_hellmonk, bailey

Skill      XL: |  1  2  3  4  5  6  7  8  9 10 |
---------------+-------------------------------+-----
Ranged Weapons | 5 6 8 9 12 15 16 | 16.5
Fighting       | 3 4 |  4.0
Armour         | |  0.8
Dodging        | |  2.4
Stealth        | |  1.0
Invocations    | |  0.5

Action                   |  1- 3 |  4- 6 |  7- 9 | 10-12 || total
-------------------------+-------+-------+-------+-------++-------
Melee: Shortbow          |       |       |     2 |       ||     2
       Peck              |       |       |     1 |       ||     1
 Fire: Shortbow          |    99 |   187 |   294 |   141 ||   721
Invok: Heroism           |       |       |     1 |     3 ||     4
Evoke: Wand              |       |     1 |     3 |       ||     4
  Use: Scroll            |     4 |     9 |     6 |     2 ||    21
       Potion            |       |       |       |     2 ||     2
Armor: Leather armour    |    22 |    17 |    44 |    18 ||   101
Dodge: Dodged            |    48 |    59 |   110 |    75 ||   292
